 Dungeon Sprint DCSS version 0.19.0-19-g8c6edcc (webtiles) character file.

605 poirepourri the Thaumaturge (level 7, -5/36 HPs)
             Began as a Deep Elf Fire Elementalist on Nov 12, 2016.
             Was an Initiate of Vehumet.
             Slain by Sonja
             ... wielding a +2 short sword of distortion
              (25 damage)
             ... in the Dungeon (Sprint I: "Red Sonja").
             The game lasted 00:02:19 (1067 turns).

poirepourri the Thaumaturge (DEFE)                  Turns: 1067, Time: 00:02:20

Health: -5/36      AC:  2    Str:  5    XL:     7   Next: 19%
Magic:  16/25      EV: 16    Int: 22    God:    Vehumet [......]
Gold:   207        SH:  0    Dex: 15    Spells: 6 memorised, 14 levels left

rFire  . . .     SeeInvis .     (no weapon)
rCold  . . .     Gourm    .     a - +0 robe
rNeg   . . .     Faith    .     (no shield)
rPois  .         Spirit   .     (no helmet)
rElec  .         Reflect  .     (no cloak)
rCorr  .         Harm     .     (no gloves)
MR     .....     NoTele   +     (no boots)
Stlth  ++........               (no amulet)
                                (no ring)
                                (no ring)

@: lethally poisoned (-5 -> -12), slowed, very slow
A: no striking features
a: Renounce Religion


You were in the Dungeon.
You worshipped Vehumet.
Vehumet was noncommittal.
You were not hungry.

You visited 1 branch You collected 417 gold pieces.
You spent 210 gold pieces at shops.

Inventory:

Armour
 a - a +0 robe (worn)
Scrolls
 i - a scroll of blinking
 k - a scroll of fear
Potions
 d - a potion of curing
 e - a potion of cure mutation
 f - a potion of haste
 g - 2 potions of magic
 h - a potion of berserk rage
 j - a potion of ambrosia
Books
 b - a book of Flames

   Spells                             Type                      Level
   a - Flame Tongue                   Conjuration/Fire             1
   b - Throw Flame                    Conjuration/Fire             2
   c - Conjure Flame                  Conjuration/Fire             3
   d - Inner Flame                    Hexes/Fire                   3
   e - Sticky Flame                   Conjuration/Fire             4
   f - Fireball                       Conjuration/Fire             5
Comestibles
 c - a bread ration


   Skills:
 + Level 6.0 Dodging
 + Level 2.4 Stealth
 * Level 13.0 Spellcasting
 + Level 5.8 Conjurations
 + Level 10.9 Fire Magic


You had 14 spell levels left.
You knew the following spells:

 Your Spells              Type           Power        Failure   Level  Hunger
a - Flame Tongue          Conj/Fire      #####        1%          1    None
b - Throw Flame           Conj/Fire      ######       1%          2    None
c - Conjure Flame         Conj/Fire      ######..     1%          3    None
d - Inner Flame           Hex/Fire       #####...     1%          3    None
e - Sticky Flame          Conj/Fire      ######..     1%          4    None
f - Fireball              Conj/Fire      ######....   4%          5    ###....


Dungeon Overview and Level Annotations

Branches:
Dungeon (1/1)

Altars:
Cheibriados
Dithmenos
Elyvilon
Fedhas
Gozag
Hepliaklqana
Kikubaaqudgha
Makhleb
Nemelex Xobeh
Okawaru
Qazlal
Ru
Sif Muna
Trog
Uskayaw
Vehumet
Xom
Yredelemnul
Zin
The Shining One
Jiyva
Lugonu

Shops:
D ?

Annotations:
D Sonja


Message History

Sonja is almost dead.
You feel sick.
Sonja casts a spell.
Sonja blinks!
Sonja casts a spell.
Sonja looks slightly unstable.
Casting: Fireball
Confirm with . or Enter, or press ? or * to list all spells.
Aiming: Throw Flame
Press: ? - help, Shift-Dir - straight line, f/p - Sonja
Aim: Sonja, wielding a blowgun (almost dead)
The puff of flame misses Sonja.
You feel sick.
Sonja unwields an uncursed blowgun.
Sonja wields an uncursed short sword of distortion.
Its appearance distorts for a moment.
Sonja hits you but does no damage.
You feel a strange sense of stasis. Sonja misses you.
Sonja hits you with an uncursed short sword of distortion. x3
Space warps horribly around you!
Ouch! That really hurt!
You die...

######################
#<.#..'..#..'..#__#..+
#..)..#..').#..'^.'..#
#..#####'#####'#__####
#..####..#...#.####
#..#__####..##(#
#..#_____##'#..+
#⌠⌠#_.∩...'.K._#
####_..__##_@#'#
#_____###'#(# #######
#.### $.$ $§$ ##.##
#+#


You could see Sonja.

Vanquished Creatures
  A slime creature (D)
  Sigmund (D)
  A yak (D)
  An ogre (D)
  A jelly (D)
  Ijyb (D)
6 creatures vanquished.

Vanquished Creatures (others)
  A gargoyle (D)
1 creature vanquished.

Grand Total: 7 creatures vanquished

Notes
Turn   | Place    | Note
-------+----------+-------------------------------------------
     0 | D        | poirepourri the Deep Elf Fire Elementalist began the quest for the Orb.
     0 | D        | Reached XP level 1. HP: 10/10 MP: 6/6
     2 | D        | Noticed Ijyb
     9 | D        | Killed Ijyb
     9 | D        | Reached skill level 5 in Spellcasting
     9 | D        | Reached skill level 5 in Fire Magic
     9 | D        | Reached XP level 2. HP: 9/15 MP: 0/10
   172 | D        | Learned a level 2 spell: Throw Flame
   201 | D        | Noticed an ogre
   206 | D        | Killed an ogre
   206 | D        | Reached skill level 8 in Spellcasting
   206 | D        | Reached XP level 3. HP: 19/19 MP: 1/14
   206 | D        | Reached XP level 4. HP: 24/24 MP: 1/16
   393 | D        | Learned a level 3 spell: Conjure Flame
   397 | D        | Learned a level 3 spell: Inner Flame
   402 | D        | Learned a level 4 spell: Sticky Flame
   405 | D        | Noticed Sigmund
   420 | D        | Killed Sigmund
   420 | D        | Reached skill level 5 in Dodging
   420 | D        | Reached skill level 10 in Spellcasting
   420 | D        | Reached XP level 5. HP: 27/28 MP: 5/19
   549 | D        | Found a deep blue altar of Sif Muna.
   556 | D        | Learned a level 5 spell: Fireball
   557 | D        | Found a radiant altar of Vehumet.
   562 | D        | Reached XP level 6. HP: 20/32 MP: 13/21
   699 | D        | Became a worshipper of Vehumet
   701 | D        | Found Adepuyhy's Magic Scroll Emporium.
   701 | D        | Found an ancient bone altar of Kikubaaqudgha.
   701 | D        | Found a hazy altar of Hepliaklqana.
   701 | D        | Found a stormy altar of Qazlal.
   701 | D        | Found a hide-covered altar of Uskayaw.
   701 | D        | Found a blossoming altar of Fedhas.
   701 | D        | Found a bloodstained altar of Trog.
   701 | D        | Found an iron altar of Okawaru.
   701 | D        | Found a basalt altar of Yredelemnul.
   701 | D        | Found a glowing golden altar of the Shining One.
   701 | D        | Found a snail-covered altar of Cheibriados.
   701 | D        | Found a sacrificial altar of Ru.
   701 | D        | Found a glowing silver altar of Zin.
   701 | D        | Found a shadowy altar of Dithmenos.
   701 | D        | Found a white marble altar of Elyvilon.
   701 | D        | Noticed a yak
   709 | D        | Killed a yak
   709 | D        | Reached skill level 12 in Spellcasting
   709 | D        | Reached skill level 5 in Conjurations
   709 | D        | Reached skill level 10 in Fire Magic
   830 | D        | Found an opulent altar of Gozag.
   831 | D        | Found a sparkling altar of Nemelex Xobeh.
   835 | D        | Bought a scroll of blinking for 105 gold pieces
   835 | D        | Bought a scroll of fear for 49 gold pieces
   835 | D        | Bought a scroll of identify for 28 gold pieces
   835 | D        | Bought a scroll of identify for 28 gold pieces
   851 | D        | Found a burning altar of Makhleb.
   851 | D        | Found a shimmering altar of Xom.
   851 | D        | Noticed a slime creature
   865 | D        | Killed a slime creature
   865 | D        | Reached skill level 13 in Spellcasting
   865 | D        | Reached XP level 7. HP: 12/36 MP: 11/25
   899 | D        | Killed a gargoyle
  1038 | D        | Found a viscous altar of Jiyva.
  1038 | D        | Found a corrupted altar of Lugonu.
  1064 | D        | Noticed Sonja
  1067 | D        | Slain by Sonja

Skill      XL: |  1  2  3  4  5  6 |
---------------+-------------------+-----
Dodging        | 3 4 5 6 |  6.0
Spellcasting   | 5 8 10 13 | 13.0
Fire Magic     | 5 7 9 10 | 10.9
Conjurations   | 2 4 5 |  5.8
Stealth        | |  2.4

Action                   |  1- 3 |  4- 6 |  7- 9 || total
-------------------------+-------+-------+-------++-------
Melee: Unarmed           |     1 |       |       ||     1
 Cast: Flame Tongue      |     7 |    20 |     1 ||    28
       Throw Flame       |     3 |     5 |     2 ||    10
       Conjure Flame     |       |     4 |       ||     4
       Fireball          |       |       |     1 ||     1
  Use: Potion            |       |     1 |       ||     1
       Scroll            |       |     3 |       ||     3
Dodge: Dodged            |     3 |     3 |     1 ||     7
